 Dungeon Crawl Stone Soup version 0.24-a0-539-g6aae15e (webtiles) character file.

Game seed: 4887612063530232373

2374830 sleepydude the Impregnable (level 27, 252/252 HPs)
             Began as a Minotaur Fighter on Aug 17, 2019.
             Was the Champion of Okawaru.
             Escaped with the Orb
             ... and 4 runes!
             The game lasted 03:07:57 (69510 turns).

sleepydude the Impregnable (Minotaur Fighter)      Turns: 69510, Time: 03:07:58

Health: 252/252    AC: 54    Str: 20 (21) XL:     27
Magic:  25/25      EV: 16    Int:  5      God:    Okawaru [******]
Gold:   3215       SH: 28    Dex: 15      Spells: 26/26 levels left

rFire    + + +     SeeInvis .   M - +9 demon whip (chaos)
rCold    + . .     Gourm    .   J - +2 large shield {rC+}
rNeg     + + +     Faith    .   n - +9 scales of the Dragon King {rPois rF+ rC+ MR+}
rPois    +         Spirit   .   p - +2 hat {MR+}
rElec    +         Reflect  .   h - +2 cloak {MR+}
rCorr    .         Harm     .   O - +3 pair of gauntlets of War {Slay+5}
MR       ++++.                  R - +2 pair of boots {run}
Stlth    ..........             U - amulet of the acrobat
HPRegen  0.52/turn              j - ring of Pragmatism {Fire rElec rN+++ MR- Str-2}
MPRegen  0.19/turn              P - ring "Tamiqoniok" {rPois rF++ Slay+3}

@: quick
A: retaliatory headbutt, hooves 1, horns 2, icy blue scales 1, rugged brown
scales 1, clumsy 1, deterioration 1, fire resistance 1, frail 1, low mp 1,
screaming 1, weak 2
0: Orb of Zot
}: 4/15 runes: serpentine, barnacled, silver, abyssal
a: Heroism, Finesse, Renounce Religion


You escaped.
You worshipped Okawaru.
Okawaru was exalted by your worship.
You were not hungry.

You visited 8 branches of the dungeon, and saw 46 of its levels.
You visited the Abyss 1 time.
You visited 1 bazaar.
You also visited: Trove, Sewer, Gauntlet, Ice Cave and Volcano.

You collected 6605 gold pieces.
You spent 3390 gold pieces at shops.

Inventory:

Hand Weapons
 M - a +9 demon whip of chaos (weapon)
 W - the +10 demon whip "Eviscerator" {flame, *Noise +Inv rF++ Int+2}
   (Okawaru gifted it to you on level 5 of the Lair of Beasts)

   It has been specially enchanted to burn those struck by it, causing extra
   injury to most foes and up to half again as much damage against particularly
   susceptible opponents.
   It affects your intelligence (+2).
   It greatly protects you from fire.
   It lets you turn invisible.
   It may make noises in combat.
Armour
 h - a +2 cloak of magic resistance (worn)
 n - the +9 scales of the Dragon King (worn) {rPois rF+ rC+ MR+}
   (You bought it in a shop in a bazaar)

   It protects you from fire.
   It protects you from cold.
   It protects you from poison.
   It affects your resistance to hostile enchantments.
 p - a +2 hat of magic resistance (worn)
 C - a scarf of resistance
 J - a +2 large shield of cold resistance (worn)
 O - the +3 pair of gauntlets of War (worn) {Slay+5}
   (You found it on level 5 of the Lair of Beasts)

   It affects your accuracy and damage with ranged weapons and melee attacks
   (+5).
 R - a +2 pair of boots of running (worn)
Jewellery
 a - a +4 ring of strength
 g - the ring of Ewkuuhur {+Fly MP+9 Dex+4}
   (You found it in a Gauntlet)

   [ring of flight]

   It affects your dexterity (+4).
   It affects your magic capacity (+9).
   It lets you fly.
 j - the ring of Pragmatism (left hand) {Fire rElec rN+++ MR- Str-2}
   (You acquired it on level 2 of the Realm of Zot)

   [ring of fire]

   It enhances your fire magic.
   It affects your strength (-2).
   It protects you from fire.
   It makes you vulnerable to cold.
   It insulates you from electricity.
   It renders you almost immune to negative energy.
   It affects your resistance to hostile enchantments.
 k - the ring of Yredelemnul's Esteem {Fire Dex+3}
   (You took it off a yaktaur captain on level 5 of the Vaults)

   [ring of fire]

   It enhances your fire magic.
   It affects your dexterity (+3).
   It protects you from fire.
   It makes you vulnerable to cold.
 t - a ring of the Octopus King {Wiz AC+1 EV+1 Str+1 Int+1 Dex+1}
   (You found it on level 14 of the Dungeon)

   [ring of wizardry]

   It improves your spell success rate.
   It affects your AC (+1).
   It affects your evasion (+1).
   It affects your strength (+1).
   It affects your intelligence (+1).
   It affects your dexterity (+1).
 u - the ring of Qojeemm {+Blink rElec Int-3 SInv Stlth-}
   (You found it on level 5 of the Vaults)

   [ring of attention]

   It affects your intelligence (-3).
   It insulates you from electricity.
   It lets you see invisible.
   It lets you blink.
   It makes you less stealthy.
 y - a +3 amulet of reflection
 B - an uncursed ring of resist corrosion
 P - the ring "Tamiqoniok" (right hand) {rPois rF++ Slay+3}
   (You found it on level 1 of the Shoals)

   [ring of poison resistance]

   It affects your accuracy and damage with ranged weapons and melee attacks
   (+3).
   It greatly protects you from fire.
   It protects you from poison.
 Q - the amulet "Xor Uciagot" {Spirit rC++ Int-2 SInv}
   (You found it in a Gauntlet)

   [amulet of guardian spirit]

   It causes incoming damage to be split between your health and magic.
   It affects your intelligence (-2).
   It greatly protects you from cold.
   It lets you see invisible.
 U - an amulet of the acrobat (around neck)
 V - the ring "Agupuusu" {*Slow rPois rN+ MR+++ Dex+7}
   (You took it off a wizard on level 4 of the Depths)

   [ring of positive energy]

   It affects your dexterity (+7).
   It protects you from poison.
   It protects you from negative energy.
   It affects your resistance to hostile enchantments.
   It may slow you when you take damage.
Scrolls
 b - 3 scrolls of magic mapping
 c - 4 scrolls of blinking
 d - 12 scrolls of fog
 e - 17 scrolls of teleportation
 m - 9 scrolls of identify {@r1}
 o - 2 scrolls of summoning
 r - a scroll of amnesia
 s - 4 scrolls of fear
 v - 7 scrolls of enchant armour
 x - 6 scrolls of enchant weapon
 E - 22 scrolls of remove curse {@r2}
 G - a scroll of silence
 S - 2 scrolls of holy word
Potions
 i - 6 potions of invisibility
 l - 5 potions of ambrosia
 q - 2 potions of might
 z - 10 potions of flight
 A - 11 potions of brilliance
 D - 4 potions of agility
 F - 4 potions of magic
 H - 6 potions of berserk rage
 I - 2 potions of heal wounds
 K - 3 potions of resistance
 N - 4 potions of haste
 T - 5 potions of cancellation
 X - 16 potions of curing {@q1}
Comestibles
 f - 34 rations


   Skills:
 + Level 26.8 Fighting
 - Level 15.5 Maces & Flails
 + Level 26.9 Armour
 + Level 23.8 Dodging
 - Level 0.1 Stealth
 + Level 26.9 Shields
 - Level 7.9 Invocations


You had 26 spell levels left.
You didn't know any spells.
Your spell library contained the following spells:

 Spells                   Type           Power        Failure   Level  Hunger
 Animate Skeleton         Necr           N/A          99%         1    ##.....
 Beastly Appendage        Tmut           #.....       99%         1    ##.....
 Confusing Touch          Hex            #.....       99%         1    ##.....
 Flame Tongue             Conj/Fire      #....        99%         1    ##.....
 Infusion                 Chrm           #...         99%         1    ##.....
 Magic Dart               Conj           #...         99%         1    ##.....
 Pain                     Necr           #...         99%         1    ##.....
 Shock                    Conj/Air       #...         99%         1    ##.....
 Sting                    Conj/Pois      #...         99%         1    ##.....
 Summon Small Mammal      Summ           #...         99%         1    ##.....
 Blink                    Tloc           N/A          100%        2    ###....
 Call Imp                 Summ           #.......     100%        2    ###....
 Corpse Rot               Necr           N/A          100%        2    ###....
 Poisonous Vapours        Pois/Air       #.....       100%        2    ###....
 Searing Ray              Conj           #.....       100%        2    ###....
 Shroud of Golubria       Chrm/Tloc      #.....       100%        2    ###....
 Slow                     Hex            #.......     100%        2    ###....
 Song of Slaying          Chrm           #.......     100%        2    ###....
 Sticks to Snakes         Tmut           #.......     100%        2    ###....
 Sublimation of Blood     Necr           #.........   100%        2    ###....
 Swiftness                Chrm/Air       #.......     100%        2    ###....
 Throw Flame              Conj/Fire      #.....       100%        2    ###....
 Throw Frost              Conj/Ice       #.....       100%        2    ###....
 Call Canine Familiar     Summ           #.......     100%        3    ####...
 Confuse                  Hex            #.......     100%        3    ####...
 Conjure Flame            Conj/Fire      #.......     100%        3    ####...
 Gell's Gravitas          Tloc           #.........   100%        3    ####...
 Inner Flame              Hex/Fire       #.......     100%        3    ####...
 Mephitic Cloud           Conj/Pois/Air  #.......     100%        3    ####...
 Recall                   Summ/Tloc      N/A          100%        3    ####...
 Regeneration             Chrm/Necr      #.........   100%        3    ####...
 Spectral Weapon          Hex/Chrm       #.......     100%        3    ####...
 Spider Form              Tmut/Pois      #.........   100%        3    ####...
 Static Discharge         Conj/Air       #.......     100%        3    ####...
 Summon Guardian Golem    Hex/Summ       #.......     100%        3    ####...
 Vampiric Draining        Necr           #.........   100%        3    ####...
 Airstrike                Air            #.........   100%        4    #####..
 Animate Dead             Necr           N/A          100%        4    #####..
 Cause Fear               Hex            #.........   100%        4    #####..
 Fulminant Prism          Conj/Hex       #.........   100%        4    #####..
 Ice Form                 Ice/Tmut       #.......     100%        4    #####..
 Leda's Liquefaction      Hex/Erth       #.........   100%        4    #####..
 Petrify                  Tmut/Erth      #.......     100%        4    #####..
 Sticky Flame             Conj/Fire      #.......     100%        4    #####..
 Summon Ice Beast         Ice/Summ       #.......     100%        4    #####..
 Summon Lightning Spire   Summ/Air       #.......     100%        4    #####..
 Throw Icicle             Conj/Ice       #.......     100%        4    #####..
 Agony                    Necr           #.......     100%        5    ######.
 Blade Hands              Tmut           #.........   100%        5    ######.
 Bolt of Draining         Conj/Necr      #.........   100%        5    ######.
 Bolt of Magma            Conj/Fire/Erth #.........   100%        5    ######.
 Dispel Undead            Necr           #.......     100%        5    ######.
 Excruciating Wounds      Chrm/Necr      #.........   100%        5    ######.
 Fireball                 Conj/Fire      #.........   100%        5    ######.
 Iskenderun's Battlesphe  Conj/Chrm      #.......     100%        5    ######.
 Lightning Bolt           Conj/Air       #.........   100%        5    ######.
 Metabolic Englaciation   Hex/Ice        #.........   100%        5    ######.
 Summon Mana Viper        Hex/Summ       #.......     100%        5    ######.
 Venom Bolt               Conj/Pois      #.........   100%        5    ######.
 Yara's Violent Unravell  Hex/Tmut       #.........   100%        5    ######.
 Bolt of Cold             Conj/Ice       #.........   100%        6    #######
 Bolt of Fire             Conj/Fire      #.........   100%        6    #######
 Conjure Ball Lightning   Conj/Air       #.........   100%        6    #######
 Freezing Cloud           Conj/Ice/Air   #.........   100%        6    #######
 Iron Shot                Conj/Erth      #.........   100%        6    #######
 Ozocubu's Refrigeration  Ice            #.........   100%        6    #######
 Simulacrum               Ice/Necr       #.........   100%        6    #######
 Statue Form              Tmut/Erth      #........    100%        6    #######
 Dragon Form              Tmut           #.........   100%        7    #######
 Malign Gateway           Summ/Tloc      #.........   100%        7    #######
 Monstrous Menagerie      Summ           #.........   100%        7    #######
 Orb of Destruction       Conj           #.........   100%        7    #######
 Spellforged Servitor     Conj/Summ      #.........   100%        7    #######
 Summon Greater Demon     Summ           #.........   100%        7    #######
 Ignition                 Fire           #.........   100%        8    #######
 Necromutation            Tmut/Necr      #.........   100%        8    #######
 Summon Horrible Things   Summ           #.........   100%        8    #######
 Dragon's Call            Summ           #.........   100%        9    #######
 Fire Storm               Conj/Fire      #.........   100%        9    #######
 Shatter                  Erth           #.........   100%        9    #######
 Tornado                  Air            #.........   100%        9    #######


Dungeon Overview and Level Annotations

Branches:
Dungeon (15/15)            Temple (0/1) D:6            Lair (6/6) D:10
 Shoals (4/4) Lair:2        Snake (4/4) Lair:2        Slime (0/5) Lair:5
    Orc (2/2) D:12            Elf (0/3) Orc:2        Vaults (5/5) D:14
  Crypt (0/3) Vaults:3     Depths (5/5) D:15            Zot (5/5) Depths:5

Altars:
Dithmenos
Elyvilon
Fedhas
Gozag
Hepliaklqana
Kikubaaqudgha
Makhleb
Okawaru
Qazlal
Ru
Sif Muna
Trog
Uskayaw
Vehumet
Wu Jian
Yredelemnul
Zin
The Shining One
Lugonu

Shops:
D:8 !   D:9 }   D:11 =*   Orc:2 %?:(   Shoals:2 *   Shoals:3 *   Snake:2 =}
Vaults:2 (   Vaults:4 [   Vaults:5 (   Depths:4 :

Portals:
Hell: Depths:1 Depths:2 Depths:3 Depths:4 Depths:5
Abyss: Depths:2 Depths:4
Pandemonium: Orc:2 Depths:1 Depths:3
Ziggurat: Depths:4

Annotations:
Orc:2 1 runed translucent door, asss's ghost, journeyman HOMo
Depths:5 Icefu's ghost, veteran HaFi


Innate Abilities, Weirdness & Mutations

You reflexively headbutt those who attack you in melee.
You have a pair of horns on your head.
You have large cloven feet.
You are partially covered in icy blue scales. (AC +2)
You are partially covered in rugged brown scales. (AC +1, +3% HP)
You are clumsy. (Dex -2)
Your body sometimes deteriorates upon taking damage.
Your flesh is heat resistant. (rF+)
You are frail. (-10% HP)
Your magical capacity is low. (-10% MP)
You occasionally shout uncontrollably at your foes.
You are very weak. (Str -4)


Message History

You climb upwards.
There is a stone staircase leading down here.
There is a stone staircase leading up here.
You climb upwards.
There is a stone staircase leading down here.
There is a stone staircase leading up here.
You climb upwards.
There is a stone staircase leading down here.
There is a stone staircase leading up here.
You climb upwards.
There is a stone staircase leading down here.
There is a stone staircase leading up here.
You climb upwards.
There is a stone staircase leading down here.
An Ice Fiend comes into view.
You see here a +0 short sword.
You see here 24 stones.
There is an open door here.
There is a staircase leading out of the dungeon here.
You have escaped!

#..#..........# #.#
#..#..........# #.#
...#..........#######.###########
(.>#..........'.................#
..##..........#######.#######.###
..###################.# #.# ..#
#.............# #.# ..#
###.#####.####### #.# ..#
#...).....@# #.#
..#####.........## #.#
..............### #.#
..#####.).....# #.# ### #.......#
#.# #.......# #.# #.......# #.###
#.......# #...# #.......# #####


There were no monsters in sight!

Vanquished Creatures
  5 orbs of fire
  6 ancient liches
  3 juggernauts
  3 Killer Klowns
  Xtahua (Vaults:3)
  Vashnia (Snake:4)
  8 golden dragons
  3 bone dragons
  3 electric golems
  6 liches
  19 tentacled monstrosities
  3 quicksilver dragons
  25 Orb Guardians
  6 titans
  Gastronok (D:9)
  8 tentacled starspawn
  An Executioner (Abyss:3)
  4 death cobs
  5 sphinxes
  Kirke (D:13)
  5 tengu reavers
  8 storm dragons
  3 draconian monks
  4 shadow dragons
  Donald (Vaults:3)
  A revenant (Abyss:2)
  13 fire giants
  The ghost of Butozxi the Carver, an adept DsFi of Qazlal (Shoals:1)
  11 nagarajas (Snake:4)
  9 frost giants
  3 draconian knights
  4 draconian scorchers
  A deep elf sorcerer (Vaults:5)
  14 vault wardens
  2 balrugs
  The ghost of felt the Peltast, an adept GrFi of Okawaru (D:14)
  4 iron dragons
  The ghost of ezpacito the Champion of Chaos, a journeyman DsGl of Makhleb (D:13)
  2 draconian shifters
  A draconian stormcaller (Zot:2)
  3 ghost moths
  A reaper (Depths:2)
  15 ironheart preservers
  4 war gargoyles
  3 draconian annihilators
  An entropy weaver (Vaults:4)
  18 very ugly things
  2 spriggan defenders (Depths:5)
  9 black draconians
  15 stone giants
  13 green draconians
  3 vampire knights
  Nessos (D:15)
  A dire elephant (D:15)
  10 red draconians
  A spark wasp (shapeshifter) (Depths:3)
  2 deep elf demonologists (Vaults:5)
  A deep elf annihilator (Vaults:5)
  5 purple draconians
  4 white draconians
  5 yellow draconians
  The ghost of porpoise the Slinger, a journeyman HaWr of Cheibriados (Lair:3)
  An ettin (shapeshifter) (Vaults:5)
  A minotaur (Gauntlet)
  Snorg (Lair:4)
  A merfolk javelineer (Shoals:4)
  2 deep elf death magi (Vaults:4)
  A crystal guardian (Vaults:4)
  10 merfolk impalers
  12 ettins
  A blizzard demon (Depths:2)
  7 fire dragons
  6 deep elf high priests
  5 great orbs of eyes
  17 yaktaur captains
  Josephine (D:12)
  27 vault guards
  11 ice dragons
  11 naga warriors
  The ghost of rywalker the Martial Artist, a journeyman DsMo of Makhleb (Lair:2)
  A rakshasa (Depths:3)
  5 merfolk avatars
  13 hydras
  3 catoblepae (Lair:6)
  6 spriggan air magi
  6 death knights
  An anaconda (shapeshifter) (Depths:5)
  5 merfolk aquamancers
  11 centaur warriors
  14 anacondas
  A satyr (Shoals:2)
  10 deep troll shamans
  2 alligator snapping turtles (Shoals:1)
  46 two-headed ogres
  8 death yaks
  18 ogre magi
  A queen ant (shapeshifter) (Depths:2)
  A two-headed ogre (shapeshifter) (Zot:5)
  8 orc high priests
  17 spriggan berserkers
  10 tengu warriors
  4 deep troll earth magi
  12 naga sharpshooters
  12 shock serpents
  2 thrashing horrors (Abyss:2)
  5 soul eaters
  2 vampire magi
  29 slime creatures
  A titan skeleton (Abyss:3)
  A fire crab (Volcano)
  4 deep elf knights
  3 sun demons (Depths:2)
  2 salamander mystics
  A fire crab (shapeshifter) (Depths:1)
  2 shadow wraiths
  6 hell knights (Depths:3)
  4 sixfirhies
  3 spatial maelstroms
  9 wretched stars
  An iron troll (Depths:2)
  13 sea snakes
  2 golden dragon zombies
  22 deep trolls
  3 skeletal warriors (Depths:2)
  A quicksilver dragon simulacrum (Depths:2)
  3 kraken simulacra
  A gelid demonspawn (Orc:2)
  4 flayed ghosts
  5 glowing orange brains
  6 naga ritualists
  2 torturous demonspawn (Orc:2)
  13 ironbrand convokers
  An unseen horror (Vaults:1)
  6 wizards
  A death drake (Gauntlet)
  A shadow demon (Abyss:2)
  A swamp dragon (shapeshifter) (Vaults:4)
  3 deep elf archers
  2 wolf spiders (shapeshifter)
  13 orc knights
  7 harpies
  6 phantasmal warriors
  5 necromancers
  4 wolf spiders
  A lindwurm (Volcano)
  23 fauns
  A stone giant zombie (Depths:1)
  9 deep elf magi
  An anaconda skeleton (Abyss:2)
  A mana viper (shapeshifter) (D:15)
  A fire giant zombie (Vaults:4)
  A shining eye (shapeshifter) (Zot:5)
  2 iron dragon zombies (Depths:4)
  A manticore (shapeshifter) (Vaults:2)
  8 mana vipers
  9 orc sorcerers
  56 ugly things
  11 cyclopes
  14 manticores
  A salamander (shapeshifter) (Vaults:5)
  2 elephants (shapeshifter)
  29 starcursed masses
  A worldbinder (Abyss:3)
  33 moths of wrath
  14 merfolk sirens
  A spectral centaur (Gauntlet)
  6 salamanders
  40 black mambas
  An ice statue (Depths:2)
  A shining eye (Gauntlet)
  17 elephants
  Joseph (D:7)
  A molten gargoyle (Volcano)
  20 naga magi
  8 vault sentinels
  3 centaur zombies
  6 water nymphs
  A black mamba (shapeshifter) (Vaults:2)
  17 guardian serpents
  8 rust devils (Depths:2)
  An apocalypse crab (Abyss:2)
  8 smoke demons
  2 spiny frogs (shapeshifter)
  2 orange demons
  9 freezing wraiths
  9 spiny frogs
  3 efreet (Depths:2)
  A kobold demonologist (D:15)
  5 rime drakes
  A golden dragon simulacrum (Vaults:4)
  6 komodo dragons
  A rime drake (shapeshifter) (Vaults:1)
  5 ice devils
  A demonic crawler (Abyss:2)
  43 yaktaurs
  5 hellwings
  46 merfolk
  6 tengu conjurers
  2 trolls
  2 meliai (shapeshifter)
  5 meliai
  4 red devils
  A queen bee (shapeshifter) (Vaults:2)
  An anaconda simulacrum (Lair:5)
  2 ancient zymes
  A jumping spider (shapeshifter) (Vaults:1)
  16 polar bears (IceCv)
  A wind drake (shapeshifter) (Depths:4)
  A jumping spider (Vaults:4)
  2 queen bees
  4 wind drakes
  A snapping turtle (shapeshifter) (Zot:5)
  14 hornets
  A blink frog (shapeshifter) (Depths:4)
  2 dream sheep (shapeshifter)
  23 blink frogs
  18 hippogriffs
  10 snapping turtles
  A hippogriff (shapeshifter) (Depths:3)
  A sphinx simulacrum (Depths:1)
  21 dream sheep
  5 flying skulls
  A stone giant simulacrum (Vaults:2)
  11 raiju
  An elf simulacrum (Depths:4)
  18 wraiths
  Sigmund (D:2)
  2 tarantellas (shapeshifter)
  A dire elephant simulacrum (Lair:5)
  4 shadows
  4 wyverns
  2 redbacks
  6 spriggans (Depths:2)
  A vampire (D:15)
  10 water elementals
  A fire elemental (Abyss:3)
  11 fire bats (Volcano)
  53 yaks
  3 basilisks
  4 neqoxecs
  A golden eye (shapeshifter) (Vaults:1)
  7 golden eyes
  5 hungry ghosts
  4 ynoxinuls
  A human simulacrum (Vaults:1)
  4 steam dragons
  5 spatial vortices (Abyss:3)
  5 vampire mosquitoes
  A chaos spawn (Depths:3)
  A catoblepas simulacrum (Lair:3)
  2 insubstantial wisps (D:8)
  39 nagas
  14 large abominations
  A swamp worm (shapeshifter) (Depths:4)
  3 wargs
  2 soldier ants
  2 hydra simulacra (Lair:5)
  2 acid dragons
  4 hell hounds
  9 water moccasins
  A spiny frog zombie (Abyss:2)
  A floating eye (Depths:4)
  8 porcupines
  Purgy (Sewer)
  35 orc warriors
  3 ettin simulacra (Depths:2)
  9 sky beasts
  A black mamba simulacrum (Lair:3)
  6 ice beasts
  A spriggan simulacrum (Depths:1)
  An eye of draining (D:13)
  An ice dragon simulacrum (Depths:1)
  9 boggarts
  A hornet zombie (D:13)
  43 ogres
  A necrophage (D:13)
  18 wolves
  19 centaurs
  12 crocodiles
  4 big kobolds
  15 small abominations
  13 bullfrogs
  3 spiny frog simulacra
  5 scorpions
  2 wyvern skeletons
  27 killer bees
  7 howler monkeys
  2 vampire bats (Lair:1)
  2 wights (Abyss:2)
  An electric eel (Lair:6)
  13 crimson imps
  A bullfrog zombie (D:8)
  6 lava snakes (Volcano)
  8 jellies
  8 quasits
  A water moccasin simulacrum (Lair:3)
  2 bullfrog skeletons
  8 centaur skeletons
  27 orc priests
  A gnoll shaman (D:5)
  4 hounds
  An iron imp (Abyss:3)
  16 orc wizards
  Terence (D:3)
  4 iguanas
  8 worker ants
  A tengu zombie (Abyss:3)
  A basilisk simulacrum (Lair:3)
  2 crocodile simulacra
  8 gnolls
  14 adders
  2 howler monkey skeletons
  A shadow imp (D:11)
  A white imp (Depths:1)
  5 ufetubi
  3 oozes
  2 adder zombies (D:5)
  5 worms
  3 dart slugs
  2 leopard geckos
  108 orcs
  8 giant cockroaches
  6 goblins
  10 hobgoblins
  12 jackals (D:2)
  32 kobolds
  7 quokkas
  2 ball pythons (D:5)
  21 bats
  6 frilled lizards
  7 rats
  2 crawling corpses (Vaults:5)
  A lurking horror (Abyss:3)
  3 plants
  8 starspawn tentacles
  3 tentacles
2386 creatures vanquished.

Vanquished Creatures (others)
  A draconian knight (Zot:2)
  2 stone giants
  3 yaktaur captains
  An ice dragon (Depths:5)
  A centaur warrior (Depths:3)
  3 satyrs
  Urug (Lair:5)
  A quicksilver dragon simulacrum (Depths:2)
  4 deep elf archers
  5 fauns
  A cyclops (Shoals:4)
  A manticore (Shoals:1)
  A black mamba (Snake:4)
  A vault sentinel (Vaults:3)
  10 yaktaurs
  4 humans (D:13)
  An ettin simulacrum (Depths:2)
  2 centaurs
  A jelly (D:13)
  A bullfrog skeleton (D:13)
  A small abomination (Abyss:3)
  An orc wizard (D:13)
  An adder skeleton (D:8)
  A leopard gecko (D:8)
  2 orcs
  A kobold (D:9)
  A crawling corpse (Vaults:5)
  11 fungi
  29 plants
  16 starspawn tentacles
  13 tentacles
122 creatures vanquished.

Grand Total: 2508 creatures vanquished

Notes
Turn   | Place    | Note
-------+----------+-------------------------------------------
     0 | D:1      | sleepydude the Minotaur Fighter began the quest for the
                  | Orb.
     0 | D:1      | Reached XP level 1. HP: 19/19 MP: 0/0
    60 | D:1      | Reached XP level 2. HP: 27/27 MP: 1/1
   386 | D:1      | Found an iron altar of Okawaru.
   394 | D:1      | Became a worshipper of Warmaster Okawaru
   414 | D:1      | Reached XP level 3. HP: 34/34 MP: 2/2
   977 | D:2      | Reached XP level 4. HP: 27/41 MP: 3/3
  1156 | D:2      | Reached skill level 1 in Dodging
  1284 | D:2      | Noticed Sigmund
  1300 | D:2      | Killed Sigmund
  1300 | D:2      | Reached XP level 5. HP: 25/47 MP: 4/4
  1497 | D:2      | Reached skill level 5 in Fighting
  1644 | D:2      | Reached * piety under Okawaru
  1656 | D:2      | Reached XP level 6. HP: 52/56 MP: 5/5
  1678 | D:2      | Found a radiant altar of Vehumet.
  1871 | D:3      | Noticed Terence
  1880 | D:3      | Killed Terence
  1880 | D:3      | Reached skill level 5 in Armour
  1911 | D:3      | Found an iron altar of Okawaru.
  2268 | D:3      | Found a basalt altar of Yredelemnul.
  2275 | D:3      | Found a burning altar of Makhleb.
  2524 | D:4      | Reached skill level 5 in Shields
  2694 | D:4      | Reached skill level 5 in Maces & Flails
  2756 | D:4      | Reached XP level 7. HP: 59/61 MP: 6/6
  3056 | D:4      | Got a crystal hand axe
  3057 | D:4      | Identified the cursed +0 hand axe of Jaguhece {freeze,
                  | rElec Int+5 Dex-4 Stlth+} (You found it on level 4 of the
                  | Dungeon)
  3291 | D:5      | Entered Level 5 of the Dungeon
  3499 | D:5      | Reached ** piety under Okawaru
  3543 | D:5      | Found a glowing drain.
  3565 | Sewer    | Entered a sewer
  3685 | Sewer    | Noticed Purgy
  3698 | Sewer    | Killed Purgy
  3992 | D:5      | Found a shimmering blue altar of Sif Muna.
  4132 | D:5      | Reached XP level 8. HP: 71/71 MP: 7/7
  4298 | D:5      | Got a slimy morningstar
  4299 | D:5      | Identified the cursed +0 morningstar "Kaet" {crush, rC++}
                  | (You found it on level 5 of the Dungeon)
  4829 | D:6      | Reached *** piety under Okawaru
  4848 | D:6      | Found a hide-covered altar of Uskayaw.
  4861 | D:6      | Found a staircase to the Ecumenical Temple.
  5193 | D:6      | Found a shadowy altar of Dithmenos.
  5241 | D:6      | Found a stormy altar of Qazlal.
  5289 | D:6      | Reached XP level 9. HP: 81/81 MP: 8/8
  5628 | D:6      | Found a white marble altar of Elyvilon.
  5628 | D:6      | Found a sacrificial altar of Ru.
  5634 | D:6      | Found a faded altar of an unknown god.
  5636 | D:6      | Found a faded altar of an unknown god.
  5638 | D:6      | Found a glowing golden altar of the Shining One.
  6260 | D:7      | Noticed Joseph
  6269 | D:7      | Killed Joseph
  6321 | D:7      | Reached **** piety under Okawaru
  6694 | D:7      | Found an ornate altar of the Wu Jian Council.
  7127 | D:8      | Reached ***** piety under Okawaru
  7211 | D:8      | Reached XP level 10. HP: 62/91 MP: 9/9
  7770 | D:8      | Found Kocwufeq's Distillery.
  8105 | D:8      | Paralysed by a hornet for 1 turns
  8122 | D:8      | Reached skill level 10 in Fighting
  8343 | D:9      | Noticed a two-headed ogre
  8349 | D:9      | Killed a two-headed ogre
  8349 | D:9      | Reached skill level 10 in Maces & Flails
  8349 | D:9      | Reached skill level 10 in Armour
  8349 | D:9      | Reached skill level 10 in Shields
  8399 | D:9      | Found Dagisten's Gadget Shoppe.
  8445 | D:9      | Noticed a two-headed ogre
  8453 | D:9      | Killed a two-headed ogre
  8453 | D:9      | Received a gift from Okawaru
  8654 | D:9      | Found a blossoming altar of Fedhas.
  8728 | D:9      | Noticed Gastronok
  8759 | D:9      | Killed Gastronok
  8759 | D:9      | Reached ****** piety under Okawaru
  8759 | D:9      | Reached XP level 11. HP: 89/102 MP: 10/10
  9122 | D:9      | Found an ancient bone altar of Kikubaaqudgha.
  9197 | D:10     | Entered Level 10 of the Dungeon
  9221 | D:10     | Received a gift from Okawaru
  9653 | D:10     | Found a staircase to the Lair.
  9935 | Lair:1   | Entered Level 1 of the Lair of Beasts
 10071 | Lair:1   | Noticed a seven-headed hydra
 10088 | Lair:1   | Killed a seven-headed hydra
 10319 | Lair:1   | HP: 3/104 [blink frog (11)]
 10767 | Lair:1   | Received a gift from Okawaru
 10848 | Lair:1   | Noticed a five-headed hydra
 10862 | Lair:1   | Killed a five-headed hydra
 11334 | Lair:1   | Reached XP level 12. HP: 92/112 MP: 11/11
 11873 | Lair:2   | Found a staircase to the Snake Pit.
 12247 | Lair:2   | Found a gate leading to a gauntlet.
 12253 | Gauntlet | Entered a Gauntlet
 12253 | Gauntlet | Found a transporter.
 12253 | Gauntlet | Found a transporter.
 12330 | Gauntlet | Found a transporter.
 12331 | Gauntlet | Found a transporter.
 12339 | Gauntlet | Found a transporter.
 12380 | Gauntlet | Found a transporter.
 12396 | Gauntlet | Found a transporter.
 12412 | Gauntlet | Found a transporter.
 12412 | Gauntlet | Noticed an entropy weaver
 12426 | Gauntlet | Found a transporter.
 12524 | Gauntlet | Found a transporter.
 12531 | Gauntlet | Found a transporter.
 12534 | Gauntlet | Found a transporter.
 12534 | Gauntlet | Found a transporter.
 12562 | Gauntlet | Gained mutation: You are partially covered in rugged brown
                  | scales. (AC +1, +3% HP) [a shining eye]
 12628 | Gauntlet | Found a transporter.
 12683 | Gauntlet | Got a flickering iron ring
 12687 | Gauntlet | Got a faintly glowing steel amulet
 12697 | Gauntlet | Identified the ring of Ewkuuhur {+Fly MP+9 Dex+4} (You
                  | found it in a Gauntlet)
 12699 | Gauntlet | Identified the amulet "Xor Uciagot" {Spirit rC++ Int-2
                  | SInv} (You found it in a Gauntlet)
 12806 | Gauntlet | Found a transporter.
 12817 | Gauntlet | Found a transporter.
 12954 | Gauntlet | Noticed a minotaur
 12968 | Gauntlet | Killed a minotaur
 12968 | Gauntlet | Received a gift from Okawaru
 12983 | Gauntlet | Identified a +2 pair of boots of running (Okawaru gifted it
                  | to you in a Gauntlet)
 13025 | Gauntlet | Identified Xitig's Catalogue of Envenoming and Cold
 13234 | Lair:2   | Found a staircase to the Shoals.
 13318 | Lair:2   | Found a runed translucent door.
 13318 | Lair:2   | Noticed rywalker's ghost (journeyman DsMo)
 14316 | Lair:3   | Noticed a four-headed hydra
 14325 | Lair:3   | Killed a four-headed hydra
 14442 | Lair:3   | Reached XP level 13. HP: 120/123 MP: 12/12
 14520 | Lair:3   | Found a runed translucent gate.
 14520 | Lair:3   | Found a runed translucent gate.
 14520 | Lair:3   | Found a runed translucent gate.
 14573 | Lair:3   | Noticed porpoise's ghost (journeyman HaWr)
 14723 | Lair:3   | Got the ring of Ephemeral Luck {Fire}
 14732 | Lair:3   | Got a scorched ring mail
 14734 | Lair:3   | Identified the +2 ring mail of the Present {Dex+4} (You
                  | found it on level 3 of the Lair of Beasts)
 14735 | Lair:3   | Identified the ring of Ephemeral Luck {Fire *Contam rElec
                  | Str+2} (You found it on level 3 of the Lair of Beasts)
 14852 | Lair:3   | Killed porpoise's ghost
 15632 | D:11     | Found Miemox's Assorted Antiques.
 15714 | D:11     | Found Huwned's Jewellery Emporium.
 16613 | D:12     | Found a staircase to the Orcish Mines.
 16641 | Orc:1    | Entered Level 1 of the Orcish Mines
 16641 | Orc:1    | Noticed Josephine
 16723 | D:12     | Received a gift from Okawaru
 16743 | D:12     | Got a jewelled hat {god gift}
 16754 | D:12     | Identified the +0 hat of Somewhere Else {Int+3} (Okawaru
                  | gifted it to you on level 12 of the Dungeon)
 16823 | D:12     | Killed Josephine
 17871 | Orc:2    | Entered Level 2 of the Orcish Mines
 17999 | Orc:2    | Found a staircase to the Elven Halls.
 18012 | Orc:2    | Noticed a stone giant
 18225 | Orc:1    | Killed a stone giant
 18981 | Orc:2    | Found a runed translucent door.
 18982 | Orc:2    | Noticed asss's ghost (journeyman HOMo)
 19124 | Orc:2    | Found Xoimeffa's Magic Scroll Shop.
 19136 | Orc:2    | Found Adurphen's Food Boutique.
 19283 | Orc:2    | Reached XP level 14. HP: 48/134 MP: 4/13
 19579 | Orc:2    | Received a gift from Okawaru
 20269 | Orc:2    | Gained mutation: You occasionally shout uncontrollably at
                  | your foes. [a neqoxec]
 20270 | Orc:2    | Gained mutation: You are partially covered in icy blue
                  | scales. (AC +2) [a neqoxec]
 20683 | Orc:2    | Found Vezajits's Book Emporium.
 20683 | Orc:2    | Found a one-way gate leading to the halls of Pandemonium.
 20683 | Orc:2    | Found Dube's Antique Weapon Shoppe.
 20755 | Orc:2    | Upgraded the game from 0.24-a0-537-g2d01d4a to
                  | 0.24-a0-539-g6aae15e
 21199 | Lair:4   | Reached skill level 15 in Fighting
 21244 | Lair:4   | Reached skill level 15 in Armour
 21411 | Lair:4   | Noticed Snorg
 21425 | Lair:4   | Killed Snorg
 21425 | Lair:4   | Reached skill level 15 in Shields
 21458 | Lair:4   | Reached skill level 15 in Maces & Flails
 21777 | Lair:5   | Killed Urug
 21803 | Lair:5   | Found a transporter.
 21840 | Lair:5   | Received a gift from Okawaru
 21843 | Lair:5   | Got an ichor-stained demon whip {god gift}
 21844 | Lair:5   | Identified the +10 demon whip "Eviscerator" {flame, *Noise
                  | +Inv rF++ Int+2} (Okawaru gifted it to you on level 5 of
                  | the Lair of Beasts)
 22232 | Lair:5   | Found a transporter.
 22234 | Lair:5   | Found the +3 pair of gauntlets of War {Slay+5}
 22442 | Lair:5   | Found a staircase to the Slime Pits.
 22801 | Lair:6   | Entered Level 6 of the Lair of Beasts
 22860 | Lair:6   | Found a dark tunnel.
 22871 | Volcano  | Entered a volcano
 23013 | Volcano  | Found a bloodstained altar of Trog.
 23079 | Volcano  | Found the +0 pair of fencer's gloves {Riposte Dex+3}
 23083 | Volcano  | Received a gift from Okawaru
 23287 | Lair:6   | Reached XP level 15. HP: 143/145 MP: 14/14
 23417 | Lair:6   | Received a gift from Okawaru
 23468 | Lair:6   | Reached skill level 5 in Dodging
 24297 | Snake:1  | Entered Level 1 of the Snake Pit
 24630 | Snake:1  | Reached skill level 1 in Invocations
 24970 | Snake:1  | Found a hide-covered altar of Uskayaw.
 25207 | Snake:1  | Received a gift from Okawaru
 25408 | Snake:1  | Reached XP level 16. HP: 85/154 MP: 3/17
 25949 | Snake:1  | Found a radiant altar of Vehumet.
 25965 | Snake:1  | Received a gift from Okawaru
 26827 | D:13     | Noticed Kirke
 26837 | D:13     | Killed Kirke
 26865 | D:13     | Reached skill level 10 in Dodging
 26896 | D:13     | Found a frozen archway.
 26913 | IceCv    | Entered an ice cave
 27211 | IceCv    | Received a gift from Okawaru
 27431 | D:13     | Found a radiant altar of Vehumet.
 27678 | D:13     | Found a runed translucent gate.
 27678 | D:13     | Found a runed translucent gate.
 27678 | D:13     | Found a runed translucent gate.
 27678 | D:13     | Noticed ezpacito's ghost (journeyman DsGl)
 27707 | D:13     | Killed ezpacito's ghost
 28524 | D:14     | Reached skill level 5 in Invocations
 28605 | D:14     | Found a transporter.
 28608 | D:14     | Found the ring of the Octopus King
 28609 | D:14     | Found a transporter.
 28610 | D:14     | Noticed felt's ghost (adept GrFi)
 28938 | D:14     | Killed felt's ghost
 29201 | D:14     | Got a ring of the Octopus King
 29203 | D:14     | Identified a ring of the Octopus King {Wiz AC+1 EV+1 Str+1
                  | Int+1 Dex+1} (You found it on level 14 of the Dungeon)
 29580 | D:14     | Found a gate to the Vaults.
 29862 | D:15     | Entered Level 15 of the Dungeon
 29863 | D:15     | Found a portal to a secret trove of treasure.
 29908 | D:15     | Noticed Nessos
 29917 | D:15     | Killed Nessos
 29917 | D:15     | Received a gift from Okawaru
 29946 | D:15     | Found a white marble altar of Elyvilon.
 30290 | D:15     | Reached XP level 17. HP: 165/165 MP: 20/20
 30618 | D:15     | Found a staircase to the Depths.
 30913 | Lair:2   | Killed rywalker's ghost
 30965 | Shoals:1 | Entered Level 1 of the Shoals
 31484 | Shoals:1 | Found a runed translucent gate.
 31484 | Shoals:1 | Found a runed translucent gate.
 31486 | Shoals:1 | Found a runed translucent gate.
 31488 | Shoals:1 | Noticed Butozxi's ghost (adept DsFi)
 31534 | Shoals:1 | Killed Butozxi's ghost
 31545 | Shoals:1 | Got a clouded steel ring
 31611 | Shoals:1 | Noticed a kraken
 32123 | Shoals:2 | Received a gift from Okawaru
 32590 | Shoals:2 | Found Bunneogy's Mass Market.
 33757 | Shoals:3 | Found Ttzey's Tempting Trifles.
 34370 | Shoals:4 | Entered Level 4 of the Shoals
 34655 | Shoals:4 | Received a gift from Okawaru
 34657 | Shoals:4 | Reached XP level 18. HP: 142/176 MP: 22/22
 34675 | Shoals:4 | Got a fine flail {god gift}
 34676 | Shoals:4 | Identified the +6 flail of Hofan {speed, Dex+2 Stlth+}
                  | (Okawaru gifted it to you on level 4 of the Shoals)
 34677 | Shoals:4 | Identified the ring "Tamiqoniok" {rPois rF++ Slay+3} (You
                  | found it on level 1 of the Shoals)
 34955 | Shoals:4 | Found the +11 plutonium sword {*Contam Stlth-}
 35180 | Shoals:4 | Received a gift from Okawaru
 35312 | Shoals:4 | Got a barnacled rune of Zot
 35399 | Shoals:4 | Reached skill level 15 in Dodging
 36728 | Snake:2  | Found Riuhoewn's Gadget Shoppe.
 36728 | Snake:2  | Found Lownem's Jewellery Boutique.
 36729 | Snake:2  | Found Ugodd's Jewellery Boutique.
 38005 | Snake:4  | Entered Level 4 of the Snake Pit
 38328 | Snake:4  | Noticed Vashnia
 38897 | Snake:4  | Killed Vashnia
 38897 | Snake:4  | Received a gift from Okawaru
 39677 | Snake:4  | Reached XP level 19. HP: 186/186 MP: 23/23
 40361 | Snake:4  | Received a gift from Okawaru
 40898 | Snake:4  | Got a serpentine rune of Zot
 41178 | Vaults:1 | Entered Level 1 of the Vaults
 42026 | Vaults:1 | Received a gift from Okawaru
 42650 | Vaults:1 | Got a warped plate armour
 42654 | Vaults:1 | Identified the +13 plate armour "Ywousodgh" {rN+ Int+4}
                  | (You found it on level 1 of the Vaults)
 43103 | Vaults:2 | Reached XP level 20. HP: 198/198 MP: 24/24
 43104 | Vaults:2 | Got a fine chain mail
 43151 | Vaults:2 | Found Fiqetam's Weapon Boutique.
 43225 | Vaults:2 | Found a flickering gateway to a bazaar.
 43231 | Bazaar   | Entered a bazaar
 43233 | Bazaar   | Found Vucioq's Gadget Boutique.
 43241 | Bazaar   | Found Penoinn's Jewellery Emporium.
 43249 | Bazaar   | Found Bagugg's Weapon Shoppe.
 43254 | Bazaar   | Found Coyc's Antique Armour Shop.
 43263 | Bazaar   | Bought the +9 scales of the Dragon King {rPois rF+ rC+ MR+}
                  | for 3120 gold pieces
 43263 | Bazaar   | Found the +9 scales of the Dragon King {rPois rF+ rC+ MR+}
 43292 | Bazaar   | Bought an uncursed amulet of the acrobat for 270 gold
                  | pieces
 43492 | Vaults:2 | Received a gift from Okawaru
 44291 | Vaults:2 | Received a gift from Okawaru
 44535 | Vaults:3 | Noticed Xtahua
 44545 | Vaults:3 | Killed Xtahua
 44630 | Vaults:3 | Found a staircase to the Crypt.
 44695 | Vaults:3 | Got a bloodstained mace
 44941 | Vaults:3 | Noticed Donald
 44955 | Vaults:3 | Killed Donald
 44980 | Vaults:3 | Received a gift from Okawaru
 44986 | Vaults:3 | Got a pair of ancient gloves {god gift}
 44999 | Vaults:3 | Identified the +1 pair of gloves "Tapt" {+Fly rF+ rCorr}
                  | (Okawaru gifted it to you on level 3 of the Vaults)
 46070 | Vaults:4 | Reached XP level 21. HP: 208/208 MP: 25/25
 46332 | Vaults:4 | Found Kudin's Armour Shoppe.
 46400 | Vaults:4 | Received a gift from Okawaru
 46435 | Vaults:4 | Got a warped cloak {god gift}
 46453 | Vaults:4 | Identified the -1 cloak "Joshev" {rPois rC+} (Okawaru
                  | gifted it to you on level 4 of the Vaults)
 47213 | Depths:1 | Entered Level 1 of the Depths
 47408 | Depths:1 | Found a gateway to Hell.
 48118 | Depths:1 | Found a burning altar of Makhleb.
 48533 | Depths:2 | Received a gift from Okawaru
 48939 | Depths:2 | Found a hazy altar of Hepliaklqana.
 49001 | Depths:2 | Identified the +3 mace of the Demagogue {crush, *Drain
                  | rElec Int+6} (You found it on level 3 of the Vaults)
 49003 | Depths:2 | Identified a scroll of acquirement
 49020 | Depths:2 | Found an opulent altar of Gozag.
 49302 | Depths:2 | Noticed a golden dragon
 49623 | Depths:2 | Reached XP level 22. HP: 170/219 MP: 26/26
 49749 | Depths:2 | Received a gift from Okawaru
 49779 | Depths:2 | Killed a golden dragon
 50276 | Depths:2 | Found an ancient bone altar of Kikubaaqudgha.
 50809 | Depths:2 | Found a glowing silver altar of Zin.
 50809 | Depths:2 | Found a one-way gate to the infinite horrors of the Abyss.
 51284 | Depths:3 | Noticed a golden dragon
 51292 | Depths:3 | Received a gift from Okawaru
 51298 | Depths:3 | Killed a golden dragon
 51735 | Vaults:4 | Reached XP level 23. HP: 229/229 MP: 27/27
 51740 | Vaults:5 | Entered Level 5 of the Vaults
 51873 | Vaults:4 | Received a gift from Okawaru
 52422 | Vaults:5 | Reached XP level 24. HP: 240/240 MP: 27/27
 52422 | Vaults:5 | Noticed an ancient lich
 52434 | Vaults:5 | Killed an ancient lich
 52518 | Vaults:5 | Identified the ring of Yredelemnul's Esteem {Fire Dex+3}
 52932 | Vaults:5 | Received a gift from Okawaru
 53379 | Vaults:5 | Received a gift from Okawaru
 53550 | Vaults:5 | Found Hetij's Weapon Shoppe.
 53818 | Vaults:5 | Got a steaming dire flail
 53819 | Vaults:5 | Identified the cursed +1 dire flail of the Iron City of Dis
                  | {freeze, Int+2 Dex+3 SInv Stlth-} (You found it on level 5
                  | of the Vaults)
 53825 | Vaults:5 | Got a silver rune of Zot
 53828 | Vaults:5 | Got a steaming pewter ring
 53840 | Vaults:5 | Got a shimmering mace
 53842 | Vaults:5 | Identified the +3 mace "Giant's Undoing" {pain, rPois rC+
                  | rN+} (You found it on level 5 of the Vaults)
 53844 | Vaults:5 | Identified the ring of Qojeemm {+Blink rElec Int-3 SInv
                  | Stlth-} (You found it on level 5 of the Vaults)
 56180 | Depths:4 | Found Jiomia's Book Shoppe.
 56282 | Depths:4 | Found a gateway to a ziggurat.
 56350 | Depths:4 | Noticed a juggernaut
 56357 | Depths:4 | Killed a juggernaut
 56370 | Depths:4 | Reached XP level 25. HP: 202/250 MP: 27/27
 56383 | Depths:4 | Received a gift from Okawaru
 56672 | Depths:4 | Found a corrupted altar of Lugonu.
 56835 | Depths:4 | Identified the ring "Agupuusu" {*Slow rPois rN+ MR+++
                  | Dex+7}
 56886 | Depths:4 | Found a radiant altar of Vehumet.
 56929 | Depths:4 | Got a twisted hat
 56933 | Depths:4 | Identified the +0 hat of Pohaaw {*Drain Dex-3 SInv Stlth+}
                  | (You found it on level 4 of the Depths)
 57075 | Depths:5 | Entered Level 5 of the Depths
 58194 | Depths:5 | Found a gate to the Realm of Zot.
 58232 | Depths:5 | Found a transporter.
 58233 | Depths:5 | Identified the +4 lajatang of Reinforcement {slice, rPois
                  | Int-3 Dex+3}
 58234 | Depths:5 | Found a transporter.
 58236 | Depths:5 | Noticed Icefu's ghost (veteran HaFi)
 58236 | Depths:5 | Noticed a juggernaut
 58237 | Depths:5 | Identified the +1 quick blade of the Six Allies {antimagic,
                  | Str+3}
 58238 | Depths:5 | Noticed a juggernaut
 58238 | Depths:5 | Found a bloodstained altar of Trog.
 58289 | Depths:5 | Killed a juggernaut
 58314 | Depths:5 | Killed a juggernaut
 58314 | Depths:5 | Received a gift from Okawaru
 59062 | Zot:1    | Entered Level 1 of the Realm of Zot
 60052 | Zot:2    | Noticed an orb of fire
 60052 | Zot:2    | Gained mutation: Scrolls take you a little longer to read.
                  | [an orb of fire]
 60069 | Zot:2    | Killed an orb of fire
 60231 | Depths:4 | Voluntarily entered the Abyss.
 60299 | Abyss:2  | Found a burning altar of Makhleb.
 60446 | Abyss:2  | Reached XP level 26. HP: 263/263 MP: 27/27
 60450 | Abyss:2  | Received a gift from Okawaru
 60732 | Abyss:2  | Found a corrupted altar of Lugonu.
 60819 | Abyss:2  | Paralysed by you for 2 turns
 61178 | Abyss:3  | Received a gift from Okawaru
 61214 | Abyss:3  | Got an abyssal rune of Zot
 61787 | Depths:4 | Escaped the Abyss
 61939 | D:15     | You showed the abyssal rune of Zot to enter a treasure
                  | trove
 61940 | Trove    | Entered a treasure trove
 61952 | Trove    | Identified Sif Muna's Collected Works on Lethal Poisoning
 61955 | Trove    | Identified Sif Muna's Papyrus of Attacks
 61964 | Trove    | Identified Sif Muna's Compendium of Creation and
                  | Confrontation
 63656 | Zot:2    | Got a brightly glowing glass ring
 63659 | Zot:2    | Identified the ring of Pragmatism {Fire rElec rN+++ MR-
                  | Str-2} (You acquired it on level 2 of the Realm of Zot)
 63823 | Zot:2    | Received a gift from Okawaru
 64873 | Zot:3    | Noticed an orb of fire
 64891 | Zot:3    | Killed an orb of fire
 65022 | Zot:3    | You fall into a shaft and drop 1 floor!
 65043 | Zot:4    | Received a gift from Okawaru
 65946 | Zot:5    | Entered Level 5 of the Realm of Zot
 66115 | Zot:5    | Noticed an ancient lich
 66138 | Zot:5    | Noticed an orb of fire
 66138 | Zot:5    | Noticed an ancient lich
 66142 | Zot:5    | Gained mutation: Your magical capacity is low. (-10% MP)
                  | [an orb of fire]
 66150 | Zot:5    | Gained mutation: You tend to lose your temper in combat.
                  | [an orb of fire]
 66162 | Zot:5    | Killed an orb of fire
 66162 | Zot:5    | Received a gift from Okawaru
 66162 | Zot:5    | Reached XP level 27. HP: 126/277 MP: 0/25
 66704 | Vaults:1 | Lost mutation: You tend to lose your temper in combat.
                  | [potion of mutation]
 66704 | Vaults:1 | Gained mutation: You are weak. (Str -2) [potion of
                  | mutation]
 66704 | Vaults:1 | Lost mutation: Scrolls take you a little longer to read.
                  | [potion of mutation]
 66704 | Vaults:1 | Gained mutation: You have large cloven feet. [potion of
                  | mutation]
 67110 | Zot:5    | Killed an ancient lich
 67319 | Zot:5    | Noticed an orb of fire
 67321 | Zot:5    | Gained mutation: You are very weak. (Str -4) [an orb of
                  | fire]
 67323 | Zot:5    | Gained mutation: Your body sometimes deteriorates upon
                  | taking damage. [an orb of fire]
 67347 | Zot:5    | Killed an orb of fire
 67423 | Zot:5    | Received a gift from Okawaru
 67430 | Zot:5    | Noticed an ancient lich
 67448 | Zot:5    | Killed an ancient lich
 67465 | Zot:5    | Noticed an ancient lich
 67470 | Zot:5    | Noticed an orb of fire
 67472 | Zot:5    | Noticed an ancient lich
 67486 | Zot:5    | Gained mutation: You are frail. (-10% HP) [an orb of fire]
 67487 | Zot:5    | Killed an orb of fire
 67507 | Zot:5    | Killed an ancient lich
 67518 | Zot:5    | Killed an ancient lich
 68430 | Zot:5    | Gained mutation: Your flesh is heat resistant. (rF+) [a
                  | shining eye]
 68432 | Zot:5    | Gained mutation: You are clumsy. (Dex -2) [a shining eye]
 68647 | Zot:5    | Killed an ancient lich
 68647 | Zot:5    | Received a gift from Okawaru
 68877 | Zot:5    | Got the Orb of Zot
 69510 | D:$      | Escaped with the Orb!

Levels and vault maps discovered:
D:1:      saegor_arrival_simple_a, layout_basic, okawaru_ov_weapons_minmay
D:2:      layout_basic, vehumet_crystals, minmay_misc_feat_iff, uniq_sigmund
D:3:      layout_basic, marbit_many_paths, amethyst_overflow_temple_binary,
          first_ration, uniq_terence
D:4:      layout_basic, minmay_misc_feat_hallway
D:5:      layout_rooms, led_sif_pool, portal_sewer_entry_c
D:6:      hangedman_cross_stitches, layout_layer_cave, grunt_qazlal_clouds,
          kennysheep_mini_moat, chequers_temple_overflow_minitemple,
          minmay_temple_entry_ruins, st_stairs_4, hangedman_glass_teeth,
          nicolae_dithmenos_through_a_glass_darkly
D:7:      layout_rooms, lemuel_round_altar, serial_curves, eino_curves_01,
          eino_curves_02, uniq_joseph
D:8:      layout_loops_cross, serial_shops, nicolae_shop_waterfront,
          hangedman_pestilent_swarm, grunt_decor_arrowhead, hangedman_misty_isle
D:9:      layout_roguey, kennysheep_mini, serial_shops, shop,
          fedhas_bush_and_centaur_altar, uniq_gastronok
D:10:     layout_loops_cross, david_lair_shrubbed
D:11:     layout_layer_cave, serial_shops, shop, nicolae_shop_overgrown_old_shop
D:12:     layout_cave_pods, david_orc_2
D:13:     layout_layer_cave, serial_rivers, chequers_serial_rivers_micro_e,
          chequers_serial_rivers_small_b, chequers_serial_rivers_marsh,
          chequers_serial_rivers_large_b, basic_altar, gammafunk_ghost_spectres,
          portal_ice_cave_demonic_guard, uniq_kirke
D:14:     layout_stronghold, david_vaults_2, gammafunk_ghost_hive
D:15:     hangedman_depths_entry_try_elsewhere_first, layout_loops_ring,
          elyvilon_altar_5, enter_trove_1, nrook_pool_corridor,
          hangedman_decor_growths, uniq_nessos
Lair:1:   layout_gridlike, special_room [special_room_bee], roderic_batcave,
          patterned_corridor
Lair:2:   layout_gridlike, minmay_shoals_entry_lonely_mermaid,
          minmay_snake_entry_guardpost_small, hellmonk_ghost_happy_afterlife,
          gauntlet_entry_generic
Lair:3:   layout_gridlike, gammafunk_ghost_icy, hibernation_bobbens,
          grunt_megastairs_3
Lair:4:   layout_roguey, cheibrodos_lair_caveside_slide, serial_bayou_pond_d,
          grunt_megastairs_2, uniq_snorg
Lair:5:   gammafunk_cloud_chamber, layout_gridlike,
          nicolae_slime_entry_slimehenge, grunt_megastairs_4, uniq_urug
Lair:6:   evilmike_catoblepas_cave, layout_gridlike,
          lightli_volcano_entry_magma_tube, serial_bayou_shore_a,
          lemuel_fruit_tree, infiniplex_staircase_pool
Shoals:1: layout_shoals, ebering_ghost_davey_jones
Shoals:2: layout_shoals, minmay_shop_mass
Shoals:3: layout_shoals, nicolae_alphabet_shops
Shoals:4: shoals_end_grunt_ice, layout_shoals, hangedman_shoals_cup_caves
Snake:1:  kennysheep_snake, layout_onion, hangedman_feature_mirror,
          grunt_ministairs_7
Snake:2:  layout_misc_corridors, minmay_shop_grove
Snake:3:  layout_onion_interference
Snake:4:  grunt_snake_rune_serpentine_throne, layout_rooms, drop_trap,
          uniq_vashnia
Orc:1:    layout_caves, uniq_josephine
Orc:2:    pf_orc_diabolical, layout_caves, gammafunk_ghost_grave,
          minmay_orc_keep
Vaults:1: v_rooms_2, st_octagons_2, grunt_vaults_funnel, ontoclasm_vaults_pinch,
          vaults_room_corners, ontoclasm_vaults_spin, v_misc_3, v_pattern_2,
          ontoclasm_vaults_decontamination, nicolae_vaults_angled_halls,
          layout_vaults_maze_bifur, mu_enter_wizlab_2
Vaults:2: v_alt_pattern_2, v_misc_32, v_alt_pattern_2,
          nicolae_vaults_network_quinsquares
          [nicolae_vaults_network_quincunx_subvault,
          nicolae_vaults_network_quincunx_subvault,
          nicolae_vaults_network_quincunx_subvault,
          nicolae_vaults_network_quincunx_subvault], st_lines,
          ontoclasm_vaults_hangar, hangedman_vaults_snaps, vaults_dpeg_hooks,
          grunt_vaults_hallway_short, v_misc_26, vaults_dpeg_encased_lava,
          vaults_dpeg_ring, layout_vaults_ring, serial_shops, bzr_entry_safe,
          shop
Vaults:3: nicolae_vaults_yaktaur_gun_rack, nicolae_vaults_network_periphery,
          grunt_vaults_twisty, nicolae_vaults_big_ls,
          nicolae_vaults_little_squares_2, ontoclasm_vaults_ligature,
          vaults_room_octagon, nicolae_vaults_three_branches, v_misc_3,
          layout_vaults_omnigrid, minmay_crypt_entry_simple_statues,
          uniq_donald, uniq_xtahua
Vaults:4: v_alt_pattern_2, v_misc_18, hangedman_vaults_cutoff,
          nicolae_vaults_twisting_passages, ontoclasm_vaults_hangar,
          nicolae_vaults_windows_and_doors_thing,
          nicolae_vaults_little_squares_6, vaults_mumra_hex,
          nicolae_vaults_specimen_jars, vaults_room_semicircle,
          ontoclasm_vaults_gateway, layout_vaults_big_cross, serial_shops,
          nicolae_shop_crystal
Vaults:5: serial_shops
Depths:1: layout_cave_shapes, hell_entry, rand_demon_pan_entry_4,
          minmay_fountain_box, lemuel_statue_altar
Depths:2: grunt_profane_halls [grunt_profane_temple_coc,
          grunt_profane_temple_dis, grunt_profane_temple_tar,
          grunt_profane_temple_geh, grunt_profane_loot], abyss_entry, hell_entry
Depths:3: kennysheep_room_grid, layout_gridville, infiniplex_staircase_zigzag_5,
          hell_entry, grunt_pan_entry_zigzag, nrook_campfire
Depths:4: kennysheep_oblong_rooms, layout_basic, enter_ziggurat_b,
          abyss_entry_flame_altar, hangedman_decor_riveting, hell_entry,
          serial_shops, nicolae_shop_window_shopping, grunt_tower_of_power
Depths:5: grunt_zot_entry_gee_three, layout_cave_shapes, hell_entry,
          gammafunk_ghost_wrathful_warriors
Zot:1:    kennysheep_six_static_rooms, layout_gridlike
Zot:2:    layout_cathedral_of_symmetry, grunt_ministairs_7,
          nicolae_lava_and_water, lemuel_lake_of_fire
Zot:3:    layout_concentric_octagons, zot_minivault_5
Zot:4:    layout_onion_interference
Zot:5:    layout_cathedral_of_symmetry, grunt_ministairs_9

Skill      XL: |  1  2  3  4  5  6  7  8  9 10 11 12 13 14 15 16 17 18 19 20 21 22 23 24 25 26 27 |
---------------+----------------------------------------------------------------------------------+-----
Fighting       | 4 5 6 7 9 11 12 13 14 15 16 17 18 19 20 21 22 23 24 25 26 | 26.8
Maces & Flails | 3 4 5 6 7 9 10 11 13 14 15 | 15.5
Shields        | 4 5 6 7 9 10 11 13 14 15 16 17 18 19 20 21 22 23 24 25 26 | 26.9
Armour         | 4 5 6 7 9 10 12 13 14 15 16 17 18 19 20 21 22 23 24 25 26 | 26.9
Dodging        | 1 3 9 12 14 15 16 17 18 19 20 21 22 23 | 23.8
Invocations    | 3 6 7 |  7.9
Stealth        | |  0.1

Action                   |  1- 3 |  4- 6 |  7- 9 | 10-12 | 13-15 | 16-18 | 19-21 | 22-24 | 25-27 || total
-------------------------+-------+-------+-------+-------+-------+-------+-------+-------+-------++-------
Melee: Flail             |    42 |       |       |       |       |       |       |       |       ||    42
       Headbutt          |    17 |    17 |    59 |   148 |   376 |   372 |   430 |   386 |   547 ||  2352
       Mace              |    50 |   117 |   109 |       |       |       |       |       |       ||   276
       Morningstar       |       |       |   222 |   656 |   844 |       |       |       |       ||  1722
       Demon whip        |       |       |       |       |   564 |  1523 |  1424 |  1089 |  1645 ||  6245
Invok: Heroism           |       |       |     1 |       |     2 |     6 |     3 |     4 |    13 ||    29
       Finesse           |       |       |       |       |     1 |     4 |     2 |     3 |    10 ||    20
  Use: Potion            |       |     1 |       |     4 |     1 |       |       |     4 |    13 ||    23
       Scroll            |       |       |     9 |     9 |     4 |    14 |    19 |     6 |    16 ||    77
 Stab: Confused          |       |       |       |       |       |       |       |       |     5 ||     5
       Paralysed         |       |       |       |       |       |       |       |       |    12 ||    12
  Eat: Chunk             |       |     5 |     4 |     4 |     9 |    11 |     4 |     1 |       ||    38
       Ration            |       |     1 |     3 |     7 |     7 |    11 |     7 |     6 |    12 ||    54
Armor: Scale mail        |    33 |    34 |    79 |       |       |       |       |       |       ||   146
       Plate armour      |       |       |    50 |   156 |   392 |   348 |    82 |       |       ||  1028
       Ring mail         |       |       |    19 |    97 |    47 |       |       |       |       ||   163
       Gold dragon scale |       |       |       |       |       |       |   194 |   254 |   429 ||   877
Dodge: Dodged            |    24 |    29 |   124 |   163 |   281 |   298 |   260 |   236 |   416 ||  1831
       Deflected         |       |       |     1 |     3 |     3 |       |       |       |       ||     7
Block: Shield            |    47 |    51 |   251 |   556 |   657 |       |       |       |       ||  1562
       Reflection        |       |       |       |    13 |       |   225 |   116 |    86 |    60 ||   500
       Large shield      |       |       |       |       |   235 |  1490 |  1275 |   986 |  1417 ||  5403
       Other             |       |       |       |       |       |     1 |       |       |       ||     1

Table legend:
 A = Non-vault XP
 B = Vault XP
 C = Vault XP percentage of total XP
 D = Non-vault monster count
 E = Vault monster count
 F = Vault count percentage of total count
                 A         B        C        D         E       F
            +---------+---------+-------+---------+---------+-------
      Total |  708334 |  820662 |  53.7 |    1443 |     952 |  39.7
            +---------+---------+-------+---------+---------+-------
        D:1 |      46 |       0 |   0.0 |      21 |       0 |   0.0
        D:2 |     127 |     220 |  63.4 |      43 |       1 |   2.3
        D:3 |      66 |      39 |  37.1 |      24 |       2 |   7.7
        D:4 |     301 |       0 |   0.0 |       9 |       0 |   0.0
        D:5 |     822 |       3 |   0.4 |      31 |       3 |   8.8
        D:6 |     955 |     358 |  27.3 |      22 |      10 |  31.2
        D:7 |    1052 |     512 |  32.7 |      15 |       2 |  11.8
        D:8 |    1685 |    1569 |  48.2 |      33 |       9 |  21.4
        D:9 |    3526 |    2477 |  41.3 |      24 |       2 |   7.7
       D:10 |    2054 |     361 |  14.9 |      13 |       1 |   7.1
       D:11 |    1877 |       0 |   0.0 |      16 |       0 |   0.0
       D:12 |    8745 |    2239 |  20.4 |      47 |      12 |  20.3
       D:13 |    5880 |    5839 |  49.8 |      39 |      10 |  20.4
       D:14 |   14471 |    4815 |  25.0 |      48 |      14 |  22.6
       D:15 |   17622 |    3857 |  18.0 |      56 |       5 |   8.2
     Lair:1 |    6438 |    1417 |  18.0 |      20 |      23 |  53.5
     Lair:2 |    2090 |    3629 |  63.5 |       7 |      12 |  63.2
     Lair:3 |    6184 |    3693 |  37.4 |      26 |      14 |  35.0
     Lair:4 |    7976 |    1300 |  14.0 |      20 |       2 |   9.1
     Lair:5 |    4758 |    2379 |  33.3 |      15 |      14 |  48.3
     Lair:6 |    9360 |   12406 |  57.0 |      34 |      23 |  40.4
   Shoals:1 |   13858 |    3301 |  19.2 |      32 |       3 |   8.6
   Shoals:2 |   22323 |       0 |   0.0 |      46 |       0 |   0.0
   Shoals:3 |   16846 |       0 |   0.0 |      32 |       0 |   0.0
   Shoals:4 |   21876 |   23034 |  51.3 |      46 |      37 |  44.6
    Snake:1 |   15452 |   24077 |  60.9 |      30 |      42 |  58.3
    Snake:2 |    7498 |       0 |   0.0 |      17 |       0 |   0.0
    Snake:3 |    2373 |    2550 |  51.8 |       5 |       3 |  37.5
    Snake:4 |   16626 |   49433 |  74.8 |      23 |      65 |  73.9
      Orc:1 |    6287 |    1999 |  24.1 |      38 |      14 |  26.9
      Orc:2 |     530 |   14460 |  96.5 |       9 |      46 |  83.6
   Vaults:1 |   33866 |   32656 |  49.1 |      60 |      43 |  41.7
   Vaults:2 |    9156 |   22818 |  71.4 |      17 |      29 |  63.0
   Vaults:3 |   20261 |   34798 |  63.2 |      36 |      49 |  57.6
   Vaults:4 |   48606 |   47790 |  49.6 |      59 |      53 |  47.3
   Vaults:5 |   21409 |   98707 |  82.2 |      25 |      63 |  71.6
   Depths:1 |   51889 |      10 |   0.0 |      70 |       1 |   1.4
   Depths:2 |    3938 |  101036 |  96.2 |      11 |     124 |  91.9
   Depths:3 |   21598 |   18757 |  46.5 |      26 |      24 |  48.0
   Depths:4 |   25824 |   35927 |  58.2 |      33 |      23 |  41.1
   Depths:5 |   32700 |   32065 |  49.5 |      27 |      15 |  35.7
      Zot:1 |   42036 |   10178 |  19.5 |      26 |       6 |  18.8
      Zot:2 |   34057 |   14213 |  29.4 |      24 |       3 |  11.1
      Zot:3 |   32209 |   20805 |  39.2 |      16 |      11 |  40.7
      Zot:4 |   18537 |   24569 |  57.0 |      14 |       9 |  39.1
      Zot:5 |   28359 |  129928 |  82.1 |      21 |      32 |  60.4
    Abyss:1 |     774 |       0 |   0.0 |       1 |       0 |   0.0
    Abyss:2 |   37665 |       0 |   0.0 |      73 |       0 |   0.0
    Abyss:3 |   25746 |    8342 |  24.5 |      63 |      11 |  14.9
      Sewer |       0 |     137 | 100.0 |       0 |       6 | 100.0
      IceCv |       0 |   12077 | 100.0 |       0 |      44 | 100.0
    Volcano |       0 |    4991 | 100.0 |       0 |      24 | 100.0
   Gauntlet |       0 |    4891 | 100.0 |       0 |      13 | 100.0
            +---------+---------+-------+---------+---------+-------
